 Dungeon Crawl Stone Soup version 0.20-a0-351-gc9b4002 (webtiles) character file.

155 Faca the Skirmisher (level 5, -4/47 HPs)
             Began as a Minotaur Berserker on Dec 26, 2016.
             Was a Believer of Trog.
             Killed by nerve-wracking pain
             ... invoked by an orc priest
              (10 damage)
             ... on level 3 of the Dungeon.
             The game lasted 00:04:27 (1688 turns).

Faca the Skirmisher (Minotaur Berserker)            Turns: 1688, Time: 00:04:29

Health: -4/47      AC: 12    Str: 21    XL:     5   Next: 14%
Magic:  4/4        EV: 12    Int:  4    God:    Trog [**....]
Gold:   106        SH:  0    Dex: 11    Spells: 4/4 levels left

rFire  . . .     SeeInvis +     a - +0 hand axe
rCold  . . .     Gourm    .     h - +1 ring mail {rPois}
rNeg   . . .     Faith    .     (no shield)
rPois  +         Spirit   .     (helmet restricted)
rElec  .         Reflect  .     (no cloak)
rCorr  .         Harm     .     k - +0 pair of gloves
MR     .....                    (no boots)
Stlth  +.........               (no amulet)
                                j - ring of see invisible
                                e - +5 ring of protection

@: no status effects
A: retaliatory headbutt, horns 2
a: Berserk, Trog's Hand, Burn Spellbooks, Renounce Religion


You were on level 3 of the Dungeon.
You worshipped Trog.
Trog was pleased with you.
You were not hungry.

You visited 1 branch of the dungeon, and saw 3 of its levels.

You collected 106 gold pieces.

Inventory:

Hand Weapons
 a - a +0 hand axe (weapon)
 g - a +2 flail of protection
Armour
 h - a +1 ring mail of poison resistance (worn)
 k - a +0 pair of gloves (worn)
Jewellery
 e - a +5 ring of protection (left hand)
 j - a ring of see invisible (right hand)
Scrolls
 i - a scroll of enchant armour
Potions
 b - a potion of agility
Comestibles
 c - 3 bread rations
 d - 2 meat rations
 f - a slice of pizza


   Skills:
 + Level 4.8 Fighting
 + Level 4.7 Axes
 + Level 3.3 Armour
 + Level 3.7 Dodging


You had 4 spell levels left.
You didn't know any spells.

Dungeon Overview and Level Annotations

Branches:
Dungeon (3/15)

Altars:


Innate Abilities, Weirdness & Mutations

You reflexively headbutt those who attack you in melee.
You have a pair of horns on your head.


Message History

* * * LOW HITPOINT WARNING * * *
You hit the orc priest. You headbutt the orc priest!
The orc priest is severely wounded.
You closely miss the orc. You hit the orc priest.
The orc hits you but does no damage. The orc priest barely misses you.
You hit the orc priest.
The orc priest is almost dead.
You barely miss the orc. You hit the orc priest.
The orc priest hits you but does no damage.
The orc hits you but does no damage.
The orc priest invokes the aid of Beogh against you.
Pain shoots through your body!
* * * LOW HITPOINT WARNING * * *
You completely miss the orc priest.
The orc priest is almost dead.
You closely miss the orc priest. You hit the orc.
You hit the orc but do no damage.
The orc priest calls down the wrath of Beogh upon you.
Pain shoots through your body!
You die...

......>#
#...#..####
#...#.....
#...#...#
#...#...#
.####.......#
........<....#
.#.#######oo..#
......[[..o@..#
.#....#####o..#
..... ....#
.... .....# ...
##..#.# .$
...... .
...#.## ....#..


You could see 2 orc priests and 2 orcs.

Vanquished Creatures
  Terence (D:2)
  An orc wizard (D:3)
  Robin (D:2)
  An adder (D:2)
  An ooze (D:1)
  2 worms (D:2)
  3 dart slugs (D:1)
  A leopard gecko (D:2)
  5 orcs
  A giant cockroach (D:1)
  16 goblins
  6 hobgoblins
  A quokka (D:2)
  A ball python (D:1)
  10 bats
  2 frilled lizards
  8 kobolds
  3 rats (D:1)
64 creatures vanquished.

Vanquished Creatures (others)
  7 toadstools (D:1)
7 creatures vanquished.

Grand Total: 71 creatures vanquished

Notes
Turn   | Place    | Note
-------+----------+-------------------------------------------
     0 | D:1      | Faca the Minotaur Berserker began the quest for the Orb.
     0 | D:1      | Reached XP level 1. HP: 19/19 MP: 0/0
   127 | D:1      | Reached XP level 2. HP: 27/27 MP: 1/1
   379 | D:1      | Reached ** piety under Trog
   400 | D:1      | Reached XP level 3. HP: 29/33 MP: 2/2
   578 | D:2      | Noticed Terence
   587 | D:2      | Killed Terence
   626 | D:2      | Reached XP level 4. HP: 29/41 MP: 3/3
   637 | D:2      | Noticed Robin
   668 | D:2      | Killed Robin
  1404 | D:3      | Reached XP level 5. HP: 39/47 MP: 4/4
  1688 | D:3      | Killed from afar by an orc priest

Vault maps used:
D:1:      nagdon_arrival_double_spiral
D:2:      uniq_robin, uniq_terence
D:3:      okawaru_trees_1, uniq_grinder

Skill      XL: |  1  2  3 |
---------------+----------+-----
Fighting       | 4 |  4.8
Axes           | 4 |  4.7
Armour         | 3 |  3.3
Dodging        | 3 |  3.7

Action                   |  1- 3 |  4- 6 || total
-------------------------+-------+-------++-------
Melee: Hand axe          |    69 |    50 ||   119
       Headbutt          |    10 |     8 ||    18
       Flail             |       |    28 ||    28
  Use: Scroll            |     3 |     3 ||     6
 Stab: Sleeping          |     1 |       ||     1
  Eat: Fruit             |       |     3 ||     3
Armor: Animal skin       |    16 |       ||    16
       Ring mail         |       |    40 ||    40
Dodge: Dodged            |    43 |    62 ||   105
